[Event "Late-Titled-Tuesday-Blitz-December-26-2023"]
[Site "Chess.com"]
[Date "2023.12.26"]
[Round "1"]
[White "Nf3c5"]
[Black "AsadliVugar"]
[Result "1-0"]
[WhiteElo "2479"]
[BlackElo "2832"]
[TimeControl "180+1"]
[EndTime "14:07:29 PST"]
[Termination "Nf3c5 won by resignation"]

1. d4 Nf6 2. Nf3 g6 3. e3 Bg7 4.
Be2 O-O 5. O-O d6 6. c4 Nbd7 7. Nc3 e5 8. Qc2 Re8 9. Rd1 e4 10.
Ng5 Qe7 11. f3 exf3 12. Bxf3 Nf8 13. Nge4 Nxe4 14. Bxe4 Ne6 15. Qf2 c6 16. Bc2 Bd7 17. e4 c5 18. Nd5 Qd8 19. dxc5 dxc5 20. Be3 Bc6 21. Rf1 Rf8 22. Rad1 Rc8 23. b3 Nd4 24. Bd3 Kh8 25. Kh1 b6 26. Qg3 Qd7 27. Bg5 Bxd5 28.
exd5 f5 29. Rde1 Rce8 30. Qh4 f4 31. Rxe8 Qxe8 32. Bxf4 Bf6 33. Qg3 Ne2 34. Bxe2 Qxe2 35. Qf2 Qxf2 36. Rxf2 Kg8 37. Bh6 Re8 38. g3 Bd4 39.
Rf3 Bg7 40. Bxg7 Kxg7 41. Rd3 Kf6 42. Kg2 Re2+ 43. Kf3 Re8 44. h4 Rd8 45. a3 Ke7 46. Ke4 Kd6 47. Kf4 Re8 48. Re3 Re5 49. Rxe5 1-0

[Event "Late-Titled-Tuesday-Blitz-December-26-2023"]
[Site "Chess.com"]
[Date "2023.12.26"]
[Round "1"]
[White "fks_stal_mielec"]
[Black "SlipperySpeedster"]
[Result "0-1"]
[WhiteElo "2322"]
[BlackElo "2620"]
[TimeControl "180+1"]
[EndTime "14:07:29 PST"]
[Termination "SlipperySpeedster won by resignation"]

1. c4 e6 2. Nf3 d5 3. g3 Nf6 4.
Bg2 Be7 5. O-O O-O 6. b3 c5 7.
cxd5 Nxd5 8. Bb2 Nc6 9. Nc3 Bf6 10. Qc1 Nxc3 11. Bxc3 Nd4 12. Nxd4 cxd4 13. Bb4 Re8 14. d3 Bd7 15. Qd2 a5 16. Ba3 Qb6 17. Rfc1 Rac8 18. Rxc8 Rxc8 19. Rc1 Rc3 20. Bb2 Rxc1+ 21. Qxc1 h5 22.
h4 a4 23. Qc4 axb3 24. Qxb3 Qxb3 25. axb3 b5 26. Bf3 g6 27. e3 b4 28. Bxd4 Bxd4 29. exd4 Kf8 30. Kf1 Ke7 31. Ke2 Kd6 32. Ke3 Be8 33.
Bb7 f6 34. Ba6 Bc6 35. Bc4 Bd5 36. f4 Bb7 37. Kd2 Bd5 38. Ke3 Bc6 39. Kd2 Ke7 40.
Ke3 Bh1 41. Bb5 Kd6 42. Be8 Bd5 43. Bxg6 Bxb3 44. Bxh5 Ba4 45. Bf3 b3 46. Kd2 b2 0-1

[Event "Late-Titled-Tuesday-Blitz-December-26-2023"]
[Site "Chess.com"]
[Date "2023.12.26"]
[Round "1"]
[White "wild3000"]
[Black "Vladimir_Zakhartsov"]
[Result "0-1"]
[WhiteElo "2469"]
[BlackElo "2874"]
[TimeControl "180+1"]
[EndTime "14:07:31 PST"]
[Termination "Vladimir_Zakhartsov won on time"]

1. d4 Nf6 2. Nf3 g6 3. g3 Bg7 4.
Bg2 O-O 5. O-O c5 6. c3 Qc7 7.
Bf4 d6 8. dxc5 Qxc5 9. Nbd2 Nc6 10. Nb3 Qh5 11. Bg5 Bg4 12. Bxf6 Bxf6 13. Qd2 Rac8 14. h4 b5 15. Rfe1 a5 16. Nbd4 Nxd4 17. cxd4 b4 18.
Rac1 Be6 19. b3 Qb5 20. Ng5 Bd7 21. e4 Bg7 22. Bf1 Qb6 23. e5 Rxc1 24. Rxc1 Rc8 25.
Rxc8+ Bxc8 26. Bc4 e6 27. d5 h6 28. Nf3 dxe5 29.
dxe6 Bxe6 30. Bxe6 Qxe6 31. Qd8+ Kh7 32. Qxa5 e4 33. Ne1 Qd6 34. Ng2 Bd4 35. h5 Qxg3 36.
hxg6+ Kg7 37. Kh1 Bxf2 38. Qc7 Qxc7 0-1

[Event "Late-Titled-Tuesday-Blitz-December-26-2023"]
[Site "Chess.com"]
[Date "2023.12.26"]
[Round "1"]
[White "Mikhail_Golubev"]
[Black "Zapateado"]
[Result "1-0"]
[WhiteElo "2632"]
[BlackElo "2334"]
[TimeControl "180+1"]
[EndTime "14:07:31 PST"]
[Termination "Mikhail_Golubev won by resignation"]

1. e4 c5 2. Nf3 g6 3. d4 cxd4 4.
Nxd4 Nc6 5. Nc3 Bg7 6. Be3 Nf6 7.
Bc4 O-O 8. Bb3 a5 9. O-O d6 10.
h3 Bd7 11. a4 Nxd4 12. Bxd4 Bc6 13. Re1 Nd7 14. Bxg7 Kxg7 15. Qd4+ f6 16. Bc4 Qb6 17.
Qd2 Rac8 18. Bb5 Bxb5 19. axb5 Ne5 20. Nd5 Qd8 21. b3 e6 22. Nf4 Qe7 23. Rxa5 Rc5 24.
c4 Rd8 25. Ra7 g5 26. Ne2 Rd7 27. Nd4 Rc8 28. Raa1 Kg6 29. Qe2 h5 30. Rad1 g4 31. f4 gxf3 32. gxf3 Rg8 33. Kh2 Kh7 34. f4 Nf7 35.
Qxh5+ Nh6 36. Rg1 Rdd8 37. f5 Rxg1 38. Rxg1 exf5 39. Qg6+ Kh8 40. Qxh6+ Qh7 41. Qxf6+ 1-0

[Event "Late-Titled-Tuesday-Blitz-December-26-2023"]
[Site "Chess.com"]
[Date "2023.12.26"]
[Round "1"]
[White "tripledes"]
[Black "robertoalejandro10"]
[Result "0-1"]
[WhiteElo "2208"]
[BlackElo "2554"]
[TimeControl "180+1"]
[EndTime "14:07:31 PST"]
[Termination "robertoalejandro10 won by resignation"]

1. e4 c5 2. d4 cxd4 3. c3 d3 4.
c4 Nc6 5. Bxd3 g6 6. Nf3 Bg7 7. O-O d6 8. h3 Nf6 9. Nc3 O-O 10. Bf4 Nd7 11. Rc1 Nde5 12. Qe2 Nxd3 13. Qxd3 Be6 14. b3 Ne5 15. Qe2 Qa5 16. Rfd1 Nxf3+ 17. Qxf3 Rac8 18.
Rd2 a6 19. a4 Qb4 20. Nd5 Bxd5 21. Rxd5 Rc5 22. Bd2 Qa3 23. Rxc5 Qxc5 24. b4 Qc7 25. a5 Rc8 26. Bg5 h6 27. Bh4 h5 28.
Bg5 Qd7 29. Qd3 Qe6 30. Rc2 Bf6 31. Be3 Qe5 32. f4 Qa1+ 33. Kh2 Qa4 34. Bd2 Qc6 35. Be3 Qa4 36. Bd2 Bg7 37. Bc3 Qb3 38. c5 dxc5 39.
Qd7 Rf8 40. Bxg7 Kxg7 41. Rxc5 Qxb4 42. Qxe7 Qd4 43. f5 Rd8 44. f6+ Qxf6 45. Qxb7 Qd6+ 46. e5 Qxc5 47. Qxa6 Qxe5+ 48. Kg1 Rd1+ 49. Kf2 Rd2+ 50. Kg1 Qe2 0-1

[Event "Late-Titled-Tuesday-Blitz-December-26-2023"]
[Site "Chess.com"]
[Date "2023.12.26"]
[Round "1"]
[White "pirulillo"]
[Black "Mystery2007"]
[Result "0-1"]
[WhiteElo "2279"]
[BlackElo "2585"]
[TimeControl "180+1"]
[EndTime "14:07:34 PST"]
[Termination "Mystery2007 won by resignation"]

1. e4 g6 2. d4 Bg7 3. Nc3 d6 4. h4 h5 5. Be3 c6 6. Nh3 Nf6 7. f3 b5 8. Ng5 b4 9. Ne2 a5 10. Nf4 Ba6 11. Bxa6 Nxa6 12. O-O Qd7 13. e5 dxe5 14.
dxe5 Nd5 15. e6 fxe6 16. Nfxe6 Bxb2 17. Qd3 Rg8 18. Rad1 Qd6 19. Qe4 Qe5 20. Bd4 Qxe4 21. Nxe4 Bxd4+ 22. Rxd4 Kd7 23. N6c5+ Nxc5 24. Nxc5+ Kd6 25.
Ne4+ Kc7 26. Rc1 Rgd8 27. Kf2 Nf4 28. Rcd1 Rxd4 29. Rxd4 Rd8 30. Rxd8 Kxd8 31. g3 Ne6 32. Ke3 Kc7 33. g4 c5 34. Ng3 hxg4 35. fxg4 Kd6 36. h5 gxh5 37. gxh5 Ke5 38. h6 Nf8 39. Ne4 c4 40.
Ng5 Kf6 41. h7 Kg7 42. Kd4 Nxh7 43. Ne6+ Kf6 44. Nc7 c3 45. Nd5+ Ke6 46. Kc5 Nf6 47.
Nc7+ Ke5 48. Kb6 Nd5+ 49. Nxd5 Kxd5 50. Kxa5 Kc5 51. Ka4 Kc4 52. a3 bxa3 53. Kxa3 e5 0-1

[Event "Late-Titled-Tuesday-Blitz-December-26-2023"]
[Site "Chess.com"]
[Date "2023.12.26"]
[Round "1"]
[White "Doraemon7"]
[Black "inagreV"]
[Result "0-1"]
[WhiteElo "2683"]
[BlackElo "2415"]
[TimeControl "180+1"]
[EndTime "14:07:35 PST"]
[Termination "inagreV won by resignation"]

1. d4 Nf6 2. c4 g6 3. Nc3 Bg7 4. Nf3 O-O 5. Bg5 d6 6. e3 Nbd7 7. Be2 h6 8. Bh4 g5 9. Bg3 Nh5 10. Qc2 Nxg3 11. hxg3 f5 12. g4 fxg4 13. Nh2 Nf6 14.
O-O-O a6 15. Kb1 c6 16. e4 b5 17. e5 Ne8 18. Bxg4 bxc4 19. e6 d5 20. Nf3 Nf6 21. Bf5 Qd6 22. Rde1 Bh8 23. g4 Qf4 24. Ne5 c5 25.
Ne2 Qxf2 26. Ref1 Qe3 27. Rf3 cxd4 28. Rxe3 dxe3 29. Ng6 Bb7 30. Nxe7+ Kg7 31. Bh7 Ne4 32. Nf5+ Kxh7 33. e7 Rf6 34. Neg3 Re8 35. Re1 Nxg3 36. Nxg3+ Kg8 37. Rxe3 d4 38. Re1 Bd5 39. Nf5 d3 40.
Qd2 Rb6 41. b4 a5 42. a3 axb4 43. axb4 Ra6 44. Nxh6+ Kh7 45. Re5 Bxe5 46. Nf5 0-1

[Event "Late-Titled-Tuesday-Blitz-December-26-2023"]
[Site "Chess.com"]
[Date "2023.12.26"]
[Round "1"]
[White "Rafael_Ventura"]
[Black "LuisIbarraCh"]
[Result "1-0"]
[WhiteElo "2369"]
[BlackElo "2539"]
[TimeControl "180+1"]
[EndTime "14:07:37 PST"]
[Termination "Rafael_Ventura won by resignation"]

1. e4 e6 2. d4 d5 3. Nd2 dxe4 4. Nxe4 Nf6 5. Nxf6+ Qxf6 6. Nf3 h6 7. g3 Bd7 8. Bg2 Bc6 9. O-O b5 10. a4 b4 11. c4 bxc3 12. bxc3 Bd6 13. Re1 O-O 14. Ba3 a5 15. Ne5 Bxg2 16. Kxg2 Qe7 17. Nc4 Qd7 18. Qf3 Ra6 19. Ne5 Qc8 20. Nc4 Nd7 21. Reb1 Nf6 22. Qb7 Bxa3 23. Rxa3 Nd5 24. Qxc8 Rxc8 25. Rb5 Rca8 26.
Rab3 Kf8 27. Rc5 R6a7 28. Kf3 Ke8 29. Ke4 f6 30. Kd3 Kd7 31. f4 h5 32. Rbb5 h4 33.
Rxa5 Rxa5 34. Rxa5 Rh8 35. Nd2 hxg3 36. hxg3 Rh3 37.
Ne4 Nxf4+ 38. Kc4 Nd5 39. Nc5+ Ke7 40. Ra6 Nb6+ 41. Kb5 Rxg3 42. a5 Rxc3 43. axb6 cxb6 44. Rxb6 g5 45. Rxe6+ Kf7 46. Re2 g4 47. Rf2 g3 48.
Rg2 f5 49. Kb4 Re3 50. Kc4 f4 51. Nd3 Rf3 52. Ne5+ Ke6 53. Nxf3 Kf5 54. Kd3 Kg4 55. Ke2 Kh3 56. Kf1 1-0

[Event "Late-Titled-Tuesday-Blitz-December-26-2023"]
[Site "Chess.com"]
[Date "2023.12.26"]
[Round "1"]
[White "MelihKaanCan"]
[Black "SaqoChess_Twitch"]
[Result "1-0"]
[WhiteElo "2370"]
[BlackElo "2633"]
[TimeControl "180+1"]
[EndTime "14:07:38 PST"]
[Termination "MelihKaanCan won by checkmate"]

1. e4 c5 2. Nf3 d6 3. Nc3 Nf6 4. Bb5+ Bd7 5. Bxd7+ Qxd7 6. O-O Nc6 7. d4 cxd4 8. Nxd4 g6 9. Nxc6 Qxc6 10. Bf4 Bg7 11. Re1 O-O 12. Qd3 Rfd8 13. Nd5 Nxd5 14. exd5 Qc7 15.
c3 Bf6 16. Re4 b5 17. Rae1 Rab8 18. Be3 a5 19. Bd4 b4 20. c4 a4 21. b3 axb3 22.
axb3 Ra8 23. h4 h5 24. Bxf6 exf6 25. Qd4 Kg7 26. Rf4 Re8 27. Qxf6+ Kg8 28. Rfe4 Qd7 29. Re7 Rxe7 30. Rxe7 Qf5 31. Qxf5 gxf5 32. Rb7 Ra1+ 33. Kh2 Ra2 34. f3 Rb2 35. Rxb4 Kg7 36. Rb7 Kf6 37. Kg3 Ke5 38. b4 f4+ 39. Kh2 Kd4 40. Rxf7 Ke3 41. c5 Rxb4 42. cxd6 Rd4 43. Rf5 Ra4 44. d7 Ra8 45.
Re5+ Kf2 46. Re8 Ra2 47. d8=Q Kf1 48. Rg8 Rf2 49. Qd7 Rd2 50. Qb5+ Kf2 51. Qc5+ Kf1 52.
Qc4+ Kf2 53. Qc3 Re2 54. Rb8 Kf1 55. Rb1+ Kf2 56. Qd4+ Re3 57. Rb2+ Kf1 58. Qd1+ Re1 59. Qd3+ Re2 60. Qxe2# 1-0

[Event "Late-Titled-Tuesday-Blitz-December-26-2023"]
[Site "Chess.com"]
[Date "2023.12.26"]
[Round "1"]
[White "Byniolus"]
[Black "Marcin"]
[Result "1-0"]
[WhiteElo "2819"]
[BlackElo "2452"]
[TimeControl "180+1"]
[EndTime "14:07:40 PST"]
[Termination "Byniolus won on time"]

1. d4 d5 2. Bf4 Nf6 3. e3 c5 4. c3 Nc6 5. Nd2 Bg4 6. Qb3 Qd7 7. Ngf3 c4 8. Qd1 e6 9. Be2 Bd6 10. Bg5 Ne4 11. Nxe4 dxe4 12. Nd2 Bxe2 13. Qxe2 f5 14. Nxc4 Bc7 15. Qh5+ g6 16. Qh6 Qf7 17. O-O b5 18.
Nd2 Bd6 19. f3 exf3 20. Nxf3 Kd7 21. Rad1 Bf8 22. Qh3 h6 23. Ne5+ Nxe5 24. dxe5+ Kc7 25. Qf3 Bc5 26. Bf6 Rhg8 27. b4 Be7 28. Qe2 Bxf6 29. exf6 Rab8 30. c4 Qxf6 31. cxb5 Rbd8 32. Rc1+ Kb8 33.
Qc4 Qe5 34. Kh1 Rc8 35. Qb3 Rgd8 36. a4 Qd5 37. Qb2 Qd2 38. Qe5+ Ka8 39. Rce1 Rc2 40. Rg1 Qd5 41. Qg7 Rdc8 42. a5 1-0

[Event "Late-Titled-Tuesday-Blitz-December-26-2023"]
[Site "Chess.com"]
[Date "2023.12.26"]
[Round "1"]
[White "ATM622"]
[Black "KNVB"]
[Result "0-1"]
[WhiteElo "2404"]
[BlackElo "2712"]
[TimeControl "180+1"]
[EndTime "14:07:41 PST"]
[Termination "KNVB won on time"]

1. d4 Nf6 2. c4 e6 3. g3 c5 4. d5 exd5 5. cxd5 d6 6. Bg2 g6 7.
Nf3 Bg7 8. O-O O-O 9. Nc3 Nbd7 10. Bf4 Qe7 11. Nd2 Ne5 12. Nde4 Nxe4 13. Nxe4 Bd7 14.
Rc1 Rad8 15. b4 b6 16. bxc5 bxc5 17. Qb3 Rb8 18. Qa3 Bb5 19. Rc2 h6 20. h4 f5 21.
Nc3 g5 22. hxg5 hxg5 23. Nxb5 gxf4 24. gxf4 Rxb5 25. fxe5 Bxe5 26. e3 f4 27. Qd3 Rb4 28.
Qg6+ Qg7 29. Qe6+ Qf7 30. exf4 Rxf4 31. Bh3 Kg7 32. Qxf7+ Kxf7 33. Be6+ Kf6 34. Rb1 Rh8 35. Rb7 Rh6 36. Rf7+ Kg5 37. Rxf4 Kxf4 38. Rc4+ Bd4 39. Kg2 Ke4 40. Rc1 Rf6 41. Re1+ Kd3 42. f3 c4 43. Rd1+ Ke3 0-1

[Event "Late-Titled-Tuesday-Blitz-December-26-2023"]
[Site "Chess.com"]
[Date "2023.12.26"]
[Round "1"]
[White "Statham_l3"]
[Black "Felix-Rose"]
[Result "1-0"]
[WhiteElo "2573"]
[BlackElo "2246"]
[TimeControl "180+1"]
[EndTime "14:07:41 PST"]
[Termination "Statham_l3 won by checkmate"]

1. e4 e5 2. Nf3 Nc6 3. Bb5 a6 4.
Ba4 Nf6 5. Qe2 b5 6. Bb3 Bc5 7. a4 Rb8 8. axb5 axb5 9. c3 d6 10.
O-O O-O 11. h3 h6 12. Rd1 Re8 13. d3 Bb6 14. Nbd2 Ne7 15. Nf1 Ng6 16. Be3 Be6 17. Bc2 c5 18. Qd2 Nh5 19. Bxh6 gxh6 20. Qxh6 Nf6 21. Ng3 Qe7 22. Ra6 Qf8 23. Qg5 Bd8 24.
Qe3 Nf4 25. d4 Bc8 26. dxe5 dxe5 27. Rc6 Qh6 28. Rdd6 Be6 29. Nxe5 Be7 30. Rxe6 fxe6 31. Kh2 Bf8 32. Bb3 c4 33. Bd1 Rbd8 34. Bg4 Nxg4+ 35. Nxg4 Qg5 36. e5 Rd3 37. Qe4 Bg7 38. Rc7 Rf8 39.
Nf6+ Bxf6 40. Qh7# 1-0

[Event "Late-Titled-Tuesday-Blitz-December-26-2023"]
[Site "Chess.com"]
[Date "2023.12.26"]
[Round "1"]
[White "ElenGajger"]
[Black "Dedic8"]
[Result "0-1"]
[WhiteElo "2462"]
[BlackElo "2835"]
[TimeControl "180+1"]
[EndTime "14:07:43 PST"]
[Termination "Dedic8 won by resignation"]

1. e4 e5 2. d4 exd4 3. Nf3 Nc6 4. Bc4 Nf6 5. e5 d5 6. Bb5 Ne4 7. Nxd4 Bd7 8. Bxc6 bxc6 9. O-O Be7 10. f3 Nc5 11. f4 Ne6 12. c3 Nxd4 13. cxd4 Bf5 14. Nc3 c5 15. Be3 cxd4 16. Qxd4 c6 17. h3 h5 18.
Rad1 O-O 19. Kh1 Rb8 20. b3 a5 21. Na4 Rb4 22. Qd2 Qc8 23. Bc5 Bxc5 24. Nxc5 Rd8 25. Qe3 d4 26. Qg3 Rd5 27. Nd3 Rb7 28. Rf2 Qe6 29.
Rc2 Rc7 30. Qg5 Qg6 31. Qxg6 Bxg6 32. Rc5 a4 33. bxa4 Ra7 34. Rxc6 Rxa4 35. e6 fxe6 36. Rxe6 Bf5 37. Re5 Rxe5 38. Nxe5 Be4 39. Nf3 Bxf3 40.
gxf3 Kf7 41. Rd2 Kf6 42. Kg2 h4 43. Kf2 Kf5 44. Ke2 Kxf4 45. Rb2 Kg3 46. Rb7 g5 47. Rg7 Rxa2+ 48. Kd3 Ra5 49. Kxd4 Kxh3 50. Ke3 Kg3 51. f4 g4 52. Ke4 Ra4+ 53. Ke3 Rxf4 54. Rc7 h3 55. Rc1 Rf3+ 56. Ke2 Kg2 57. Rc4 g3 58. Rh4 h2 59. Rh7 Rf2+ 60. Ke3 Rf1 0-1

[Event "Late-Titled-Tuesday-Blitz-December-26-2023"]
[Site "Chess.com"]
[Date "2023.12.26"]
[Round "1"]
[White "Fore_Man"]
[Black "CheckThis4"]
[Result "0-1"]
[WhiteElo "2406"]
[BlackElo "2722"]
[TimeControl "180+1"]
[EndTime "14:07:43 PST"]
[Termination "CheckThis4 won on time"]

1. Nf3 d5 2. d4 Nf6 3. g3 c5 4. c4 cxd4 5. cxd5 Nxd5 6. Nxd4 e5 7. Nf3 Nc6 8. Bg2 Be6 9. O-O Be7 10. b3 O-O 11. Bb2 f6 12. Nc3 Nxc3 13. Bxc3 a5 14. Nd2 Rc8 15. Nc4 b5 16. Qxd8 Rfxd8 17. Nxa5 Bd5 18.
Bxd5+ Rxd5 19. e4 Rd3 20. Nxc6 Rxc6 21. Ba5 b4 22. Rfd1 Rdc3 23. Rd5 Bc5 24. Rad1 Bd4 25. Bxb4 Rc2 26. Rd2 Rxd2 27. Bxd2 Rc2 28. Be3 Bxe3 29.
fxe3 Rxa2 30. Rd3 Rb2 31. h4 h5 32. Kf1 Kf7 33. Rd7+ Kg6 34. Rd3 Rc2 35. Kg1 Ra2 36. Kf1 Rb2 37. Kg1 Kf7 38. Kf1 Ke7 39. Ke1 Rg2 40.
Rd5 Rxg3 41. Kf2 Rh3 42. b4 Rxh4 43. b5 Rh2+ 44. Kg3 Rb2 45. Kh4 Rb4 46. Kxh5 Rxe4 47. Rc5 Rxe3 48. Rc7+ Ke6 49. Rxg7 Rb3 0-1

[Event "Late-Titled-Tuesday-Blitz-December-26-2023"]
[Site "Chess.com"]
[Date "2023.12.26"]
[Round "1"]
[White "GarayevKanan"]
[Black "semchik73"]
[Result "1-0"]
[WhiteElo "2678"]
[BlackElo "2367"]
[TimeControl "180+1"]
[EndTime "14:07:43 PST"]
[Termination "GarayevKanan won by resignation"]

1. d4 d5 2. Nf3 Nf6 3. c3 c5 4.
dxc5 a5 5. b4 axb4 6. cxb4 e6 7.
e3 b6 8. Bb5+ Bd7 9. Bxd7+ Qxd7 10. a4 bxc5 11. b5 Bd6 12. Bb2 Qe7 13. Nc3 Nbd7 14.
a5 O-O 15. O-O c4 16. b6 Rfb8 17. Nb5 Bb4 18. Nfd4 Qc5 19. Nc7 Rxa5 20. Na6 Rxa6 21. Rxa6 Nxb6 22. Qc2 h6 23. Nf3 Ne4 24. Bd4 Qb5 25. Rfa1 Nd7 26. Ne5 Nxe5 27. Bxe5 Rc8 28. Ra8 Qb7 29. Rxc8+ Qxc8 30. f3 Nc5 31. Bxg7 Nb3 32.
Rb1 Qc5 33. Bxh6 d4 34. exd4 Qxd4+ 35. Qf2 Qd3 36. Qg3+ Qg6 37. Qxg6+ fxg6 38. Kf2 Bc5+ 39. Be3 Bd6 40. Rb2 Kf7 41. Rc2 Na5 42. Bb6 Bb4 43.
Bxa5 Bxa5 44. Rxc4 Bb6+ 45. Ke2 Kf6 46. h3 Ba5 47. Rf4+ Ke5 48. Ra4 Bc3 49. Kd3 Be1 50. Re4+ Kf5 51. Rxe1 1-0

[Event "Late-Titled-Tuesday-Blitz-December-26-2023"]
[Site "Chess.com"]
[Date "2023.12.26"]
[Round "1"]
[White "IngOscarArdila"]
[Black "GP9isback23"]
[Result "0-1"]
[WhiteElo "2332"]
[BlackElo "2625"]
[TimeControl "180+1"]
[EndTime "14:07:43 PST"]
[Termination "GP9isback23 won by resignation"]

1. d4 Nf6 2. c4 e6 3. Nc3 Bb4 4. Qc2 d5 5. cxd5 exd5 6. Bg5 O-O 7. e3 Be7 8. Bd3 h6 9. Bh4 Be6 10. Nf3 Nbd7 11. O-O Rc8 12. Qa4 a6 13. Qb3 b5 14.
a4 c5 15. dxc5 Nxc5 16. Qd1 b4 17. Ne2 Qb6 18. Ned4 Rfd8 19. Rc1 b3 20. Ra1 Rb8 21. a5 Qb7 22. Ne5 Rdc8 23. Qe2 Ra8 24. Rfc1 Nfe4 25.
Bxe7 Qxe7 26. Nec6 Qb7 27. Ne5 Rc7 28. f3 Nf6 29.
Rc3 Nxd3 30. Qxd3 Rxc3 31. Qxc3 Rc8 32. Qd3 Nd7 33. Nxd7 Bxd7 34. Rd1 Rb8 35. Rc1 Ba4 36. Rc5 Bd7 37. Qc3 Be8 38. Rc7 Qb4 39. Qxb4 Rxb4 40.
Rc8 Kf8 41. Nc6 Rc4 42. Na7 Ra4 43. Rc5 Ra2 44. Rxd5 Rxb2 45. Rd8 Rc2 46. h4 b2 47. Rb8 Rc1+ 48. Kh2 b1=Q 49. Rxb1 Rxb1 50. Nc8 Rb5 51. Nd6 Rxa5 52. Kg3 Ra2 53. e4 a5 54. Kf4 a4 55.
Nc4 Bd7 56. Ke5 Be6 57. Ne3 Re2 58. f4 Rxe3 59. f5 Bxf5 0-1

[Event "Late-Titled-Tuesday-Blitz-December-26-2023"]
[Site "Chess.com"]
[Date "2023.12.26"]
[Round "1"]
[White "johnmez"]
[Black "Leo_C"]
[Result "0-1"]
[WhiteElo "2308"]
[BlackElo "2614"]
[TimeControl "180+1"]
[EndTime "14:07:45 PST"]
[Termination "Leo_C won by resignation"]

1. d4 Nf6 2. c4 e6 3. Nc3 d5 4. cxd5 exd5 5. Bg5 c6 6. e3 Bf5 7. Qf3 Bg6 8. Bxf6 Qxf6 9. Qxf6 gxf6 10. Nge2 Nd7 11.
Ng3 a5 12. O-O-O a4 13. Bd3 a3 14. b3 Bb4 15. Nce2 Nb6 16. h4 Nc8 17. Nf4 Bd6 18. h5 Bxd3 19. Nxd3 Bxg3 20. fxg3 Rg8 21. Rh3 Nd6 22. Rf1 Ke7 23. Nf4 Rae8 24. h6 Kd8 25. Nh5 Ne4 26. Nxf6 Nxf6 27. Rxf6 Ke7 28. Rf3 Rg5 29. Rh4 Reg8 30. Rhf4 f5 31. Rxf5 Rxf5 32. Rxf5 Rxg3 33. Rf2 Rxe3 34. Kd2 Re6 35. Kc3 Rxh6 36. Kb4 Rh4 37. Rd2 Kd6 38. Kxa3 Rg4 39. Kb2 h5 40.
Kc3 Rg3+ 41. Kb4 b6 42. a4 Rg4 43. Kc3 c5 44. dxc5+ bxc5 45. a5 Kc6 46. Kb2 d4 47. Rc2 Rg5 48. Ka3 Kb5 49. Rf2 Kxa5 50. Kb2 Kb4 51. Kc2 Rg3 52. Kd2 Rxb3 0-1

[Event "Late-Titled-Tuesday-Blitz-December-26-2023"]
[Site "Chess.com"]
[Date "2023.12.26"]
[Round "1"]
[White "YurasovMat-2012"]
[Black "TheMagician"]
[Result "1-0"]
[WhiteElo "2544"]
[BlackElo "2169"]
[TimeControl "180+1"]
[EndTime "14:07:46 PST"]
[Termination "YurasovMat-2012 won by checkmate"]

1. e4 d5 2. exd5 Qxd5 3. Nc3 Qd8 4. Nf3 Nf6 5. d4 c6 6. g3 Bf5 7. Bg2 e6 8. O-O Be7 9. Re1 O-O 10. h3 Nd5 11. Ne4 Bxe4 12. Rxe4 Nd7 13. c4 N5f6 14. Re1 c5 15. b3 cxd4 16. Nxd4 Bc5 17. Bb2 Rb8 18. Qe2 Qc7 19. Rad1 Rfd8 20. Kh2 a6 21. a3 Bf8 22. f4 h5 23. Nf3 g6 24.
Ng5 Re8 25. b4 h4 26. Be5 hxg3+ 27. Kh1 Nxe5 28. fxe5 Nh7 29. Nf3 Bh6 30. h4 Red8 31. Qe4 Rbc8 32. c5 Rxd1 33. Rxd1 Rd8 34. Rd6 Bf8 35.
Rd4 Rxd4 36. Nxd4 Qd8 37. Qf4 Be7 38. Bxb7 Bxh4 39. Kg2 g5 40. Qe4 Kh8 41. Bxa6 f5 42. exf6 Nxf6 43. Qe5 Qa8+ 44. c6 Qxa6 45. Qxf6+ Kh7 46.
Qe7+ Kh8 47. c7 Qb7+ 48. Kg1 g4 49. Qxh4+ Kg7 50. Qd8 Kg6 51. c8=Q Qe4 52. Qxe6+ Qxe6 53. Nxe6 Kf5 54. Qd5+ Kf6 55. b5 g2 56. b6 g3 57. b7 Ke7 58. b8=Q Kf6 59. Qf8+ Kg6 60. Qdf5# 1-0

[Event "Late-Titled-Tuesday-Blitz-December-26-2023"]
[Site "Chess.com"]
[Date "2023.12.26"]
[Round "1"]
[White "Zampronha1971"]
[Black "Alexei_Gubajdullin"]
[Result "1/2-1/2"]
[WhiteElo "2335"]
[BlackElo "2616"]
[TimeControl "180+1"]
[EndTime "14:07:48 PST"]
[Termination "Game drawn by repetition"]

1. e4 e5 2. Nf3 Nf6 3. d4 Nxe4 4. Bd3 d5 5. Nxe5 Nd7 6. Nxd7 Bxd7 7. O-O Bd6 8. c4 c6 9. Nc3 Nxc3 10. bxc3 dxc4 11.
Re1+ Be7 12. Ba3 Be6 13. Bxe7 Qxe7 14. Bxc4 O-O 15. Bxe6 fxe6 16. Qg4 Rf6 17. Re2 Raf8 18.
Rae1 Qa3 19. Qg3 b5 20. h3 b4 21. cxb4 Qxb4 22. Rxe6 Rxe6 23. Rxe6 Qxd4 24. Re7 c5 25. Rxa7 c4 26. Rc7 h5 27. Qe3 Qd1+ 28. Kh2 Qd6+ 29.
Qg3 Qd4 30. Qe3 Qd5 31. Qg3 Rf7 32. Rc8+ Kh7 33. a4 Qe4 34. a5 Qf5 35. Rxc4 Qxa5 36.
Qd3+ g6 37. Rc2 Qe5+ 38. Qg3 Qe4 39. Rd2 Qf5 40. Rd3 Qe4 41. Rf3 Rxf3 42. Qxf3 Qe5+ 43. Qg3 Qe4 44. Qe3 Qd5 45. g3 Qd6 46. h4 Qd5 47.
Qf4 Qc6 48. Qe3 Qd5 49. Qf4 Qc6 50. Qe3 Qd5 1/2-1/2

[Event "Late-Titled-Tuesday-Blitz-December-26-2023"]
[Site "Chess.com"]
[Date "2023.12.26"]
[Round "1"]
[White "Andrej2004"]
[Black "AlexNovitz"]
[Result "1-0"]
[WhiteElo "2565"]
[BlackElo "2215"]
[TimeControl "180+1"]
[EndTime "14:07:50 PST"]
[Termination "Andrej2004 won on time"]

1. Nf3 c5 2. c4 Nc6 3. b3 e5 4. d3 g6 5. Nc3 Bg7 6. Bb2 Nge7 7. g3 d6 8. Bg2 O-O 9. O-O h6 10. Nd5 Be6 11. Nd2 Rb8 12. a3 a6 13. b4 cxb4 14.
Nxb4 Nxb4 15. axb4 d5 16. Qb3 dxc4 17. Qc3 cxd3 18.
exd3 Nd5 19. Qa3 Qb6 20. Nc4 Qxb4 21. Qa2 Nc3 22. Qa5 Qxa5 23. Rxa5 Ne2+ 24. Kh1 Bxc4 25. dxc4 Rfc8 26. Bxe5 Bxe5 27. Rxe5 Nc3 28. Rc1 Rxc4 29. Re3 Rbc8 30. Bxb7 R8c7 31. Bxa6 R4c5 32. Bf1 Nd5 33.
Rxc5 Rxc5 34. Re5 Rc1 35. Kg2 Nf6 36. h3 Kg7 37. Ra5 Rc7 38. Be2 Re7 39. Bf3 h5 40. Rg5 Nh7 41. Ra5 Nf6 42. Rb5 Nh7 43. Kh2 Nf6 44.
Ra5 Nh7 45. Ra6 Nf6 46. Kg2 Nh7 47. g4 hxg4 48. hxg4 Nf6 49. Kg3 g5 50. Bd1 Ne4+ 51.
Kg2 f6 52. Bc2 Nc5 53. Ra8 Nd7 54. Bf5 Ne5 55. Ra1 Rc7 56. Rh1 Kg8 57. Rh6 Rc6 58.
Be4 Rd6 59. Bf5 Rb6 60. Kg3 Kg7 61. Rh7+ Kg8 62. Ra7 Rb3+ 63. Kg2 Rb6 64. Kf1 Rd6 65. Ke2 Rb6 66. f3 Rd6 67. Be4 Rb6 68. Ke3 Rb3+ 69. Kf2 Rb6 70. Kg3 Rb3 71. Bd5+ 1-0

[Event "Late-Titled-Tuesday-Blitz-December-26-2023"]
[Site "Chess.com"]
[Date "2023.12.26"]
[Round "1"]
[White "GM4life"]
[Black "Kapitan_Bayan"]
[Result "0-1"]
[WhiteElo "2577"]
[BlackElo "2311"]
[TimeControl "180+1"]
[EndTime "14:07:52 PST"]
[Termination "Kapitan_Bayan won by checkmate"]

1. Nf3 d5 2. d4 Nf6 3. c4 dxc4 4. e3 e6 5. Bxc4 c5 6. O-O a6 7. Nbd2 Nbd7 8. b3 Be7 9. Bb2 O-O 10.
Rc1 b6 11. Qe2 Bb7 12. Rfd1 Rc8 13. a3 b5 14. Bd3 Qb6 15. h3 Rfd8 16. Bb1 Bc6 17.
dxc5 Bxc5 18. Nd4 Bb7 19. b4 Be7 20. N2b3 Bd5 21. Na5 Bd6 22. f3 Ne5 23. Ndb3 Nc4 24.
Bd4 Qb8 25. Bxf6 gxf6 26. f4 Qb6 27. Nd4 Nxa5 28. bxa5 Qxa5 29. Qg4+ Kf8 30. Rxc8 Rxc8 31. Bxh7 Qxa3 32. Rd3 Qc1+ 33. Kh2 Ke7 34. Qh4 Bc4 35. Ne2 Qf1 36. Rxd6 Kxd6 37. Ng3 Qa1 38. Ne4+ Ke7 39.
f5 Bd5 40. fxe6 Bxe6 41. Qg4 Bxg4 42. hxg4 Rc4 43. Ng3 Qa2 44. Bf5 Rc2 45. Bxc2 Qxc2 46. Kh3 b4 47. Nf5+ Qxf5 48. gxf5 b3 49. Kg3 b2 50.
Kf2 b1=Q 51. Kf3 a5 52. e4 a4 53. Kf4 a3 54. g4 a2 55. g5 fxg5+ 56. Kxg5 a1=Q 57. Kf4 Qf1+ 58. Kg5 Qe5 59. Kh6 Qf6+ 60. Kh7 Qh1+ 61. Kg8 Qhh8# 0-1